AoeStats
← Flo

Coastal Forest

503453399Analyzed
2v2 RM · 1mo ago on Aug 31, 2026· 13m 6s· 4 players
Game mode
Random Map
Map size
Medium (4 player)
Population
200
Speed
Normal
Resources
Standard
Victory
Conquest
Starting age
Dark Age
Ending age
Imperial Age
RankedLock teamsTeams togetherTeam positionsShared explorationLock speedFull tech treeHidden civsTurbo modeCheats
Victory
Defeat
🇨🇭 Dravidians · Switzerland
1375
+15
🇨🇭 Japanese · Switzerland
1375
+15
🇭🇺 Turks · Hungary
1347
-15
🇭🇺 Khitans · Hungary
1347
-15
Rudolfking
7:31 Loom
9:44 Feudal Age
10:13 Double-Bit Axe
12:56 Fletching
szeb
7:28 Loom
10:40 Feudal Age
Flo
6:24 Loom
9:17 Feudal Age
10:00 Double-Bit Axe
13:52 Forging
wit^
6:45 Loom
9:04 Feudal Age
9:46 Double-Bit Axe
Connection lost

Rejoining the realm…

Still unreachable

The connection could not be restored.

Session expired

The server has moved on; the page needs a fresh start.